 Dungeon Crawl Stone Soup version 0.26.1-2-gb8aa6d0cf2 (webtiles) character file.

Game seed: 8561138579495333221

1777 lysyklops the Covert (level 9, -4/51 HPs)
             Began as an Octopode Conjurer on Mar 29, 2021.
             Slain by a black bear (9 damage)
             ... on level 6 of the Dungeon.
             The game lasted 00:08:00 (7136 turns).

lysyklops the Covert (Octopode Conjurer)            Turns: 7136, Time: 00:08:01

Health: -4/51      AC:  1    Str:  6    XL:     9   Next: 8%
Magic:  9/17       EV: 15    Int: 24    God:
Gold:   307        SH:  0    Dex: 10    Spells: 16/19 levels left

rFire    . . .     SeeInvis .   u - +3 short sword
rCold    . . .     Faith    .   (no shield)
rNeg     . . .     Spirit   .   (helmet restricted)
rPois    .         Reflect  .   (no amulet)
rElec    .         Harm     .   (no ring)
rCorr    .         Rampage  .   (no ring)
Will     .....                  (no ring)
Stlth    +++++.....             (no ring)
HPRegen  0.17/turn              (no ring)
MPRegen  0.15/turn              (no ring)
                                (no ring)
                                (no ring)

@: no status effects
A: almost no armour, stealthy swim, amphibious, 8 rings, constrict 8, camouflage
1, gelatinous body 1
a: no special abilities


You were on level 6 of the Dungeon.
You visited 1 branch of the dungeon, and saw 6 of its levels.
You also visited: Sewer.

You collected 307 gold pieces.

Inventory:

Hand Weapons
 u - a +3 short sword (weapon)
Wands
 j - a wand of flame (24)
 v - a wand of iceblast (4)
Scrolls
 b - 8 scrolls of teleportation
 e - 2 scrolls of identify
 k - 5 scrolls of remove curse
 n - a scroll of vulnerability {unknown}
Potions
 a - 4 potions of mutation
 c - 2 potions of curing {unknown}
 d - a potion of resistance {unknown}
 f - a potion of attraction {unknown}
 g - a potion of brilliance {unknown}
 h - 7 potions of heal wounds {unknown}
 i - a potion of berserk rage {unknown}
 l - a potion of might {unknown}
 m - a potion of invisibility {unknown}
 o - 8 potions of flight {unknown}
 p - a potion of degeneration {unknown}
 q - a potion of haste {unknown}
 t - a potion of lignification {unknown}


   Skills:
 + Level 5.9 Dodging
 + Level 8.5 Stealth
 + Level 5.5 Spellcasting
 + Level 7.0 Conjurations


You had 16 spell levels left.
You knew the following spells:

 Your Spells              Type           Power        Failure   Level
a - Magic Dart            Conj           100%         1%          1
b - Searing Ray           Conj           80%          1%          2

Your spell library contained the following spells:

 Spells                   Type           Power        Failure   Level
 Dazzling Flash           Conj/Hex       46%          6%          3
 Fulminant Prism          Conj/Hex       11%          21%         4
 Iskenderun's Mystic Bla  Conj/Tloc      23%          21%         4


Dungeon Overview and Level Annotations

Branches:
Dungeon (6/15)              Sewer (visited)
 Temple: D:4-7

Altars:
The Shining One

Shops:
D:6 }


Innate Abilities, Weirdness & Mutations

You cannot wear most types of armour.
You are very stealthy in the water. (Stealth+)
You are amphibious.
You can wear up to eight rings at the same time.
You can use your tentacles to constrict eight enemies at once.
Your skin changes colour to match your surroundings (Stealth+).
Your rubbery body absorbs attacks. (AC +1, EV +1)


Message History

The black bear is heavily wounded.
The black bear barely misses you. The black bear claws you.
The black bear closely misses you.
The searing ray hits the black bear!
The black bear is severely wounded.
You finish channeling your searing ray.
The black bear closely misses you. x2
The black bear claws you.
The black bear goes berserk!
The bullfrog hits you!
* * * LOW HITPOINT WARNING * * *
The bullfrog misses you. The black bear bites you.
* * * LOW HITPOINT WARNING * * *
The black bear claws you.
* * * LOW HITPOINT WARNING * * *
The black bear closely misses you.
The black bear rages.
The bullfrog hits you.
* * * LOW HITPOINT WARNING * * *
The black bear bites you!
You die...

*#..##*,,,,,,,***,****
*#..##,,,,,,** *,,,,,
*#..##,,,,** *#...,, #*###*#####
##..##,,** *#...... #.♣..P#...#
##..##** *#....... ≈≈≈≈.≈≈...#
##..## ##........
.≈≈≈≈≈♣♣..#########..###........>
.≈≈≈≈.≈.P..........#..##.........
≈≈≈≈≈≈♣≈.......F@...#............
≈P≈.≈≈.........h....##...........
≈≈.≈.≈≈.............###..........
.P.$P♣..[...........# ##.........
###.................###..........
*#.................###...........
*#................###...##.......
*##....(.........###..###*##.....
,*#.........[...###..## *##.##


You could see a black bear (berserk) and a bullfrog.

Vanquished Creatures
  Pikel (D:5)
  A steam dragon (D:6)
  Duvessa (D:5)
  Purgy (Sewer)
  A black bear (D:6)
  A phantom (D:4)
  2 lemures (D:5)
  A centaur (D:5)
  A bullfrog (D:6)
  Dowan (D:5)
  A centaur zombie (D:6)
  3 orc priests (D:5)
  A bullfrog skeleton (D:5)
  A hound (D:4)
  3 orc wizards
  Ijyb (D:5)
  2 iguanas (D:4)
  A worker ant (D:6)
  A hound zombie (D:5)
  A howler monkey skeleton (D:5)
  A gnoll (D:1)
  8 adders
  A river rat (D:6)
  2 shadow imps (D:5)
  2 white imps
  An ooze (D:6)
  An adder zombie (D:6)
  2 worms (D:2)
  A dart slug (D:2)
  3 leopard geckos
  19 orcs
  9 bats
  7 giant cockroaches
  13 goblins
  2 hobgoblins
  2 jackals (D:1)
  2 quokkas
  2 ball pythons
  22 frilled lizards
  A jackal zombie (D:5)
  5 kobolds
  A quokka zombie (D:6)
  7 rats
140 creatures vanquished.

Notes
Turn   | Place    | Note
-------+----------+-------------------------------------------
     0 | D:1      | lysyklops the Octopode Conjurer began the quest for the
                  | Orb.
     0 | D:1      | Reached XP level 1. HP: 11/11 MP: 3/3
    22 | D:1      | Reached skill level 3 in Stealth
    22 | D:1      | Reached XP level 2. HP: 11/17 MP: 0/5
   326 | D:1      | Learned a level 2 spell: Searing Ray
   717 | D:1      | Reached XP level 3. HP: 21/21 MP: 3/6
  1519 | D:2      | Reached XP level 4. HP: 27/27 MP: 2/7
  2069 | D:2      | Reached skill level 4 in Stealth
  3273 | D:4      | Reached XP level 5. HP: 31/31 MP: 2/9
  3615 | D:4      | Reached skill level 5 in Conjurations
  3615 | D:4      | Reached XP level 6. HP: 36/36 MP: 1/10
  3720 | D:4      | Reached skill level 5 in Stealth
  3950 | D:4      | Found a glowing golden altar of the Shining One.
  3950 | D:4      | Noticed a phantom
  3961 | D:4      | Killed a phantom
  4403 | D:5      | Entered Level 5 of the Dungeon
  4483 | D:5      | Noticed Ijyb
  4492 | D:5      | Killed Ijyb
  4493 | D:5      | Reached XP level 7. HP: 13/41 MP: 7/12
  4759 | D:5      | Noticed Duvessa
  4767 | D:5      | Noticed Dowan
  4770 | D:5      | Killed Duvessa
  4783 | D:5      | Killed Dowan
  4784 | D:5      | Reached skill level 6 in Stealth
  4970 | D:5      | Noticed Pikel
  4983 | D:5      | Killed Pikel
  4984 | D:5      | Reached skill level 5 in Dodging
  4984 | D:5      | Reached skill level 7 in Stealth
  4984 | D:5      | Reached XP level 8. HP: 36/46 MP: 1/15
  6289 | D:6      | Found a glowing drain.
  6293 | Sewer    | Entered a sewer
  6436 | Sewer    | Noticed Purgy
  6462 | Sewer    | Killed Purgy
  6463 | Sewer    | Reached skill level 5 in Spellcasting
  6703 | D:6      | Found Qeno's Gadget Boutique.
  6725 | D:6      | Reached skill level 8 in Stealth
  7039 | D:6      | Reached XP level 9. HP: 51/51 MP: 8/17
  7136 | D:6      | Slain by a black bear

Illustrated notes

Levels and vault maps discovered:
D:1:      dpeg_arrival_leaves_temple_mockup, layout_loops_ring
D:2:      layout_loops_ring, minmay_lizard_pond
D:3:      layout_basic
D:4:      layout_rooms, tso_altar
D:5:      layout_loops_ring, uniq_duvessa, uniq_pikel, uniq_ijyb
D:6:      layout_cave_pods, gup_sewer_entry_bowl, serial_shops,
          nicolae_shop_crystal, serial_bayou, serial_bayou_pond_b,
          serial_bayou_crossing, serial_bayou_pond_a, serial_bayou_shore_b

Skill      XL: |  1  2  3  4  5  6  7  8  9 |
---------------+----------------------------+-----
Stealth        | 3 4 5 7 8 |  8.5
Dodging        | 3 4 5 |  5.9
Spellcasting   | 3 4 5 |  5.5
Conjurations   | 5 6 7 |  7.0

Action                   |  1- 3 |  4- 6 |  7- 9 || total
-------------------------+-------+-------+-------++-------
Melee: Unarmed           |     9 |       |       ||     9
       Tentacles         |     2 |     4 |     3 ||     9
       Constrict         |     3 |    10 |     5 ||    18
       Dagger            |       |    23 |       ||    23
       Short sword       |       |    13 |    24 ||    37
 Cast: Magic Dart        |    47 |    85 |    81 ||   213
       Searing Ray       |     2 |     9 |    16 ||    27
  Use: Scroll            |       |       |     8 ||     8
 Stab: Sleeping          |       |     3 |     1 ||     4
Armor: Skin              |     1 |     5 |     2 ||     8
Dodge: Dodged            |     9 |    30 |    40 ||    79
